 Dungeon Crawl Stone Soup version 0.27.1-3-gb3d3a73c9e (console) character file.

Game seed: 1529236628941852829

97960 toffzen the Spry (level 15, -2/126 HPs)
             Began as a Spriggan Berserker on Oct 12, 2021.
             Was a High Priest of Trog.
             Succumbed to a redback's poison
             ... on level 1 of the Spider Nest on Oct 13, 2021.
             The game lasted 01:14:12 (42066 turns).

toffzen the Spry (Spriggan Berserker)              Turns: 42066, Time: 01:14:13

Health: -2/126     AC: 11    Str: 15    XL:     15   Next: 73%
Magic:  16/16      EV: 45    Int:  9    God:    Trog [*****.]
Gold:   1904       SH:  0    Dex: 19    Spells: 14/14 levels left

rFire    . . .     SeeInvis +   a - +2 demon trident (vorpal)
rCold    . . .     Faith    .   (shield currently unavailable)
rNeg     . . .     Spirit   .   z - +0 acid dragon scales
rPois    +         Reflect  .   f - +1 hat
rElec    .         Harm     .   e - +1 cloak {Will+}
rCorr    +         Rampage  .   (gloves unavailable)
Will     +++..                  (boots unavailable)
Stlth    ..........             r - amulet of the acrobat
HPRegen  0.31/turn              L - ring of poison resistance
MPRegen  0.15/turn              (no ring)

@: berserking (expiring), lethally poisoned (-2 -> -27), acrobatic, very quick
A: very small, no large weapons, unfitting armour, see invisible, speed 3
a: Renounce Religion, Berserk, Trog's Hand, Brothers in Arms


You were on level 1 of the Spider Nest.
You worshipped Trog.
Trog was extremely pleased with you.
You visited 4 branches of the dungeon, and saw 24 of its levels.

You collected 2178 gold pieces.
You spent 274 gold pieces at shops.

Inventory:

Hand Weapons
 a - a +2 vorpal demon trident (weapon)
 b - a +4 antimagic trident
 c - a +4 trident of venom
 u - a +3 trident
Missiles
 i - 953 stones (quivered)
 A - 5 throwing nets
Armour
 e - a +1 cloak of willpower (worn)
 f - a +1 hat (worn)
 q - +0 fire dragon scales
 w - +0 steam dragon scales
 z - +0 acid dragon scales (worn)
Jewellery
 l - a ring of resist corrosion
 r - an amulet of the acrobat (around neck)
 L - a ring of poison resistance (left hand)
 M - the ring of Elyvilon's Outrage {Fire Dex+3}
   (You found it on level 12 of the Dungeon)

   [ring of fire]

   It enhances your fire magic.
   Dex:       It affects your dexterity (+3).
   rF:        It protects you from fire.
   rC:        It makes you vulnerable to cold.
Wands
 k - a wand of digging (14)
 B - a wand of iceblast (1)
 D - a wand of flame (83)
 G - a wand of paralysis (13)
Scrolls
 g - 2 scrolls of noise
 h - 2 scrolls of immolation
 j - 7 scrolls of teleportation
 n - 3 scrolls of vulnerability
 v - 5 scrolls of identify
 x - a scroll of magic mapping
 y - 4 scrolls of fear
 E - 5 scrolls of enchant weapon
 F - a scroll of holy word
 J - a scroll of enchant armour
 K - a scroll of fog
Potions
 d - 3 potions of berserk rage
 m - 3 potions of attraction
 o - 2 potions of haste
 p - 5 potions of lignification
 s - 2 potions of might
 t - a potion of flight
 H - 7 potions of curing
 N - a potion of resistance
 P - 3 potions of heal wounds
Miscellaneous
 O - a box of beasts


   Skills:
 + Level 11.8 Fighting
 + Level 15.4 Polearms
 - Level 8.5 Armour
 + Level 17.1 Dodging


You had 14 spell levels left.
You didn't know any spells.
Your spell library was empty.

Dungeon Overview and Level Annotations

Branches:
Dungeon (15/15)            Temple (0/1) D:4            Lair (6/6) D:9
  Swamp (0/4) Lair:2       Spider (1/4) Lair:4        Slime (0/5) Lair:6
    Orc (2/2) D:10            Elf (0/3) Orc:2        Vaults (0/5) D:14
 Depths (0/5) D:15

Altars:
Ashenzari
Fedhas
Gozag
Qazlal
Vehumet
Beogh

Shops:
D:9 **   D:10 *   D:15 =   Orc:2 (*[=(

Annotations:
D:12 1 runed translucent door, YannSP's ghost, journeyman DECj
Lair:5 exclusion: oklob plant


Innate Abilities, Weirdness & Mutations

You are very small and have problems with some larger weapons.
You are too small for most types of armour.
You have supernaturally acute eyesight. (SInv)
You cover ground extremely quickly. (Speed+++)


Message History

* * * LOW HITPOINT WARNING * * *
You feel very sick. The redback completely misses you.
The wolf spider barely misses you. The wolf spider completely misses you.
You are too berserk!
You closely miss the wolf spider.
The wolf spider is almost dead.
* * * LOW HITPOINT WARNING * * *
You feel very sick. The redback bites you!
* * * LOW HITPOINT WARNING * * *
You barely miss the wolf spider.
The wolf spider is almost dead.
* * * LOW HITPOINT WARNING * * *
You feel very sick.
The wolf spider hits you but does no damage.
The wolf spider misses you.
You closely miss the wolf spider.
The wolf spider is severely wounded.
* * * LOW HITPOINT WARNING * * *
You feel very sick. The redback closely misses you.
You puncture the wolf spider!
You kill the wolf spider!
Trog accepts your kill.
* * * LOW HITPOINT WARNING * * *
You feel very sick.
You puncture the redback!
The redback is heavily wounded.
* * * LOW HITPOINT WARNING * * *
You feel very sick. The redback misses you.
* * * LOW HITPOINT WARNING * * *
You feel very sick. The redback misses you.
You feel a strong urge to attack something.
* * * LOW HITPOINT WARNING * * *
You feel very sick.
You are too berserk!
You die...

#.............#
##............#
#....#.....#..#
#.......^....# ###
###.......#....# .[#
#.......#^#....#
.####.......###....#
.#..##..>..#####...#
.#...#......##..@.##
..........####.....#
...#^....## #^.†...#
....^...## ##.s...#
###....## ###†.##
##.### #....# ###
#..^..# .....#.#
......###


You could see a redback.

Vanquished Creatures
  A shadow dragon (shapeshifter) (D:15)
  An orc warlord (Orc:2)
  A very ugly thing (D:15)
  Josephine (Lair:6)
  A great orb of eyes (D:15)
  Harold (D:9)
  Fannar (D:12)
  8 hydras
  3 boulder beetles
  2 rakshasas (D:15)
  Erica (D:9)
  A centaur warrior (D:14)
  10 two-headed ogres
  A catoblepas (Lair:4)
  A death knight (D:12)
  5 tengu warriors
  4 orc high priests (Orc:2)
  2 death yaks (Lair:2)
  Urug (Lair:2)
  A wizard (D:14)
  Pikel (D:7)
  A deep elf archer (D:12)
  5 orc knights (Orc:2)
  3 deep elf pyromancers
  4 orc sorcerers
  4 wolf spiders
  3 cyclopes
  12 ugly things
  A moth of wrath (Spider:1)
  2 manticores
  4 elephants (Lair:4)
  A guardian serpent (D:14)
  2 black mambas
  A cane toad (shapeshifter) (D:15)
  3 gargoyles
  20 cane toads
  A torpor snail (Lair:2)
  4 rime drakes
  A kobold demonologist (D:13)
  9 komodo dragons
  An unseen horror (D:10)
  A yaktaur (D:12)
  A demonic crawler (Spider:1)
  A yaktaur (shapeshifter) (D:14)
  An efreet (D:13)
  10 polar bears
  6 trolls
  4 meliai
  A polar bear (shapeshifter) (D:14)
  9 hornets
  Grinder (D:3)
  7 slime creatures
  10 blink frogs
  Sigmund (D:3)
  A shadow (D:13)
  2 vampires (D:14)
  50 yaks
  7 redbacks (Spider:1)
  8 wraiths
  12 spriggans (Lair:6)
  3 wyverns
  2 basilisks
  2 steam dragons (D:8)
  7 vampire mosquitoes
  6 acid dragons
  2 wargs
  An ice beast (D:5)
  7 water moccasins
  32 orc warriors
  2 sky beasts
  8 black bears
  A necrophage (D:7)
  4 boggarts (Lair:6)
  3 ogres
  3 centaurs
  35 wolves
  A lemure (D:7)
  10 bullfrogs
  A gnoll sergeant (D:7)
  7 scorpions
  A hornet simulacrum (D:15)
  8 killer bees
  9 wights
  2 electric eels (Lair:3)
  7 howler monkeys
  A bullfrog zombie (D:7)
  A centaur skeleton (D:5)
  A bullfrog skeleton (D:6)
  2 centaur zombies
  18 orc priests
  A hound (D:5)
  3 iguanas
  A jelly (D:5)
  26 orc wizards
  A killer bee zombie (D:7)
  A hound skeleton (D:5)
  Robin (D:4)
  9 gnolls
  18 adders
  A river rat (D:6)
  A shadow imp (D:8)
  4 white imps
  An ufetubus (D:7)
  2 worms (D:2)
  2 dart slugs
  58 orcs
  3 ball pythons
  6 endoplasms
  6 giant cockroaches
  10 goblins
  11 hobgoblins
  4 jackals (D:1)
  11 kobolds
  4 quokkas
  10 bats
  2 frilled lizards
  6 rats
653 creatures vanquished.

Vanquished Creatures (others)
  74 fungi
  116 plants
190 creatures vanquished.

Grand Total: 843 creatures vanquished

Notes
Turn   | Place    | Note
-------+----------+-------------------------------------------
     0 | D:1      | toffzen the Spriggan Berserker began the quest for the Orb.
     0 | D:1      | Reached XP level 1. HP: 11/11 MP: 2/2
   507 | D:1      | Reached XP level 2. HP: 14/16 MP: 3/3
  1442 | D:1      | Reached XP level 3. HP: 15/19 MP: 4/4
  1603 | D:2      | Reached ** piety under Trog
  2065 | D:2      | Found a faded altar of an unknown god.
  2486 | D:3      | Reached XP level 4. HP: 23/23 MP: 5/5
  3042 | D:3      | Noticed Grinder
  3056 | D:3      | Killed Grinder
  3057 | D:3      | Reached skill level 5 in Dodging
  3057 | D:3      | Reached XP level 5. HP: 17/28 MP: 6/6
  3057 | D:3      | Reached XP level 6. HP: 20/32 MP: 7/7
  3416 | D:3      | Noticed Sigmund
  3436 | D:3      | Killed Sigmund
  3437 | D:3      | Reached skill level 6 in Dodging
  3523 | D:4      | Noticed an orc warrior
  3575 | D:4      | Reached XP level 7. HP: 37/37 MP: 8/8
  3725 | D:4      | Reached *** piety under Trog
  4060 | D:4      | Noticed Robin
  4108 | D:4      | Killed Robin
  4309 | D:4      | Reached skill level 5 in Polearms
  4313 | D:4      | Found a staircase to the Ecumenical Temple.
  4975 | D:5      | Entered Level 5 of the Dungeon
  5210 | D:5      | Reached skill level 7 in Dodging
  5390 | D:5      | Reached XP level 8. HP: 42/42 MP: 9/9
  6150 | D:6      | Reached skill level 5 in Fighting
  6219 | D:5      | Reached skill level 8 in Dodging
  6482 | D:6      | Reached **** piety under Trog
  6792 | D:6      | Reached skill level 1 in Armour
  7033 | D:6      | Reached XP level 9. HP: 47/47 MP: 10/10
  7098 | D:6      | Noticed Pikel
  7289 | D:7      | Killed Pikel
  7290 | D:7      | Reached skill level 9 in Dodging
  8246 | D:7      | Identified a scroll of acquirement
  8246 | D:7      | Acquired a +0 cloak of willpower
  9809 | D:7      | Reached XP level 10. HP: 53/53 MP: 11/11
  9889 | D:7      | Reached skill level 10 in Dodging
 10062 | D:8      | Noticed a two-headed ogre
 10070 | D:8      | Killed a two-headed ogre
 10489 | D:8      | Reached ***** piety under Trog
 10844 | D:8      | Found a stormy altar of Qazlal.
 11483 | D:9      | Found Xomibug's General Store.
 11486 | D:9      | Found Qoack's Specific Store.
 11498 | D:9      | Bought a scroll of identify for 34 gold pieces
 11505 | D:9      | Noticed Erica
 11515 | D:9      | Killed Erica
 11766 | D:9      | Reached skill level 11 in Dodging
 11786 | D:9      | Reached XP level 11. HP: 34/58 MP: 12/12
 12448 | D:9      | Found a staircase to the Lair.
 12487 | D:9      | Found Ytatuq's Assorted Antiques.
 12938 | D:9      | Noticed Harold
 12954 | D:9      | Killed Harold
 13450 | Lair:1   | Entered Level 1 of the Lair of Beasts
 13539 | Lair:1   | Reached skill level 5 in Armour
 14150 | D:9      | Reached skill level 10 in Polearms
 14150 | D:9      | Reached skill level 12 in Dodging
 14963 | Lair:1   | Received a gift from Trog
 15282 | Lair:1   | Reached XP level 12. HP: 53/64 MP: 13/13
 15422 | Lair:2   | Noticed a death yak
 15445 | Lair:2   | Noticed a death yak
 15453 | Lair:2   | Killed a death yak
 15523 | Lair:2   | Killed a death yak
 15649 | Lair:2   | Acquired a manual of Polearms
 15968 | Lair:2   | Noticed Urug
 15991 | Lair:2   | Killed Urug
 16164 | Lair:2   | Noticed a seven-headed hydra
 16186 | Lair:2   | Killed a seven-headed hydra
 16855 | Lair:2   | Identified the +0 chain mail of Ycivoc {rElec}
 16893 | Lair:2   | Found a staircase to the Swamp.
 17077 | Lair:2   | Reached skill level 13 in Dodging
 18223 | Lair:3   | Found a gate leading to a gauntlet.
 19321 | Lair:4   | Noticed a five-headed hydra
 19330 | Lair:4   | Killed a five-headed hydra
 19331 | Lair:4   | Reached XP level 13. HP: 70/70 MP: 14/14
 19734 | Lair:4   | Found a hole to the Spider Nest.
 22319 | Lair:5   | Reached skill level 14 in Dodging
 23246 | Lair:6   | Entered Level 6 of the Lair of Beasts
 23649 | Lair:6   | Received a gift from Trog
 23682 | Lair:6   | Noticed Josephine
 24316 | Lair:6   | Found a staircase to the Slime Pits.
 24675 | Lair:6   | Killed Josephine
 25235 | Lair:6   | Paralysed by a hornet for 2 turns
 25968 | Lair:6   | Reached skill level 10 in Fighting
 26027 | Lair:6   | Reached XP level 14. HP: 77/77 MP: 15/15
 26430 | Lair:6   | Received a gift from Trog
 26612 | Lair:6   | Found the +18 shield of the Gong {rElec rN+ Will+ EV-5}
 26829 | D:10     | Entered Level 10 of the Dungeon
 27214 | D:10     | Found Renibo Xepy's Mass Market.
 27239 | D:10     | Found a staircase to the Orcish Mines.
 28225 | D:11     | Found a blossoming altar of Fedhas.
 28581 | D:12     | Noticed Fannar
 28643 | Orc:1    | Entered Level 1 of the Orcish Mines
 28845 | Orc:1    | You fall into a shaft and drop 1 floor!
 28845 | Orc:2    | Entered Level 2 of the Orcish Mines
 28876 | Orc:2    | Found Tuvvioxurph's Antique Weapon Shop.
 29775 | Orc:2    | Reached skill level 15 in Dodging
 30853 | Orc:2    | Found a staircase to the Elven Halls.
 31267 | Orc:2    | Noticed an orc warlord
 31333 | Orc:2    | Killed an orc warlord
 31496 | Orc:2    | Received a gift from Trog
 32963 | Orc:2    | Found Nineoset's General Store.
 32964 | Orc:2    | Found Mosae's Jewellery Shoppe.
 32965 | Orc:2    | Found Rona's Antique Armour Shoppe.
 32965 | Orc:2    | Found Rauteoh's Antique Weapon Emporium.
 32980 | Orc:2    | Bought a ring of poison resistance for 240 gold pieces
 33457 | D:12     | Found a runed translucent door.
 34312 | D:12     | Identified the ring of Elyvilon's Outrage {Fire Dex+3}
 34554 | D:12     | Found a broken altar of Ashenzari.
 35265 | D:12     | Noticed YannSP's ghost (journeyman DECj)
 35335 | D:12     | Found a radiant altar of Vehumet.
 35600 | D:13     | Found an opulent altar of Gozag.
 36157 | D:13     | Reached XP level 15. HP: 81/81 MP: 16/16
 36381 | D:13     | Received a gift from Trog
 36733 | D:13     | Reached skill level 16 in Dodging
 37162 | D:14     | Found a gate to the Vaults.
 37467 | D:13     | Reached skill level 15 in Polearms
 38758 | D:14     | Found a radiant altar of Vehumet.
 38900 | D:15     | Entered Level 15 of the Dungeon
 39864 | D:15     | Found Jolurr's Jewellery Shoppe.
 40336 | D:15     | Noticed a quicksilver dragon
 40338 | D:15     | Noticed a shadow dragon
 40338 | D:15     | a quicksilver dragon changed into a shadow dragon
 40353 | D:15     | Killed a shadow dragon
 40735 | D:15     | Reached skill level 17 in Dodging
 40800 | D:15     | Found a staircase to the Depths.
 40997 | D:12     | Found a radiant altar of Vehumet.
 41063 | D:12     | Found a broken altar of Ashenzari.
 41188 | D:12     | Found a runed translucent door.
 41268 | D:12     | Killed Fannar
 41762 | Spider:1 | Entered Level 1 of the Spider Nest
 42064 | Spider:1 | HP: 4/126 [poisoned by a redback]
 42065 | Spider:1 | HP: 1/126 [poisoned by a redback]
 42066 | Spider:1 | Succumbed to a redback's poison

Illustrated notes

Levels and vault maps discovered:
D:1:      nzn_arrival_settlement, layout_basic, serial_forest,
          infiniplex_forest_pool, infiniplex_forest_clump_curved,
          infiniplex_forest_zigzag_1, infiniplex_forest_straight_3,
          infiniplex_forest_corner_1, infiniplex_forest_clump_long,
          infiniplex_forest_straight_3, minmay_misc_feat_pillars
D:2:      layout_rooms, dilly_ecumenical_altar_fadedgnrine
D:3:      layout_basic, uniq_sigmund, uniq_grinder
D:4:      layout_rooms, minmay_temple_entry_slanted,
          chequers_serial_rivers_small_b, serial_bayou_pond_a, uniq_robin
D:5:      layout_basic
D:6:      black_bear_nest_1, layout_basic, gup_sewer_entry_spiral,
          hangedman_decor_opposing, kennysheep_pointless_box,
          chequers_serial_rivers_small_b, uniq_pikel
D:7:      layout_layer_cave, st_stairs_10
D:8:      layout_loops_ring, overflow_temple_1_default
D:9:      layout_basic, grunt_lair_entry_orc_guard_hut, serial_shops, shop,
          nicolae_specific_store, uniq_harold, uniq_erica
D:10:     layout_roguey, orc_0_dummy, minmay_shop_mass
D:11:     layout_roguey, fedhas_altar_3
D:12:     layout_small_grid, ebering_ghost_reflecting_pool,
          kennysheep_nondescript, hangedman_feature_mirror, drop_trap,
          st_stairs_1, minmay_radiant, uniq_fannar
D:13:     layout_loops_ring, grunt_gozag_statues
D:14:     layout_stronghold, david_vaults_1, vehumet_crystals,
          nrook_guardian_serpent_ordinary
D:15:     gammafunk_enter_depths_forms, layout_basic, minivault_11,
          serial_shops, shop
Lair:1:   beast_lair_carwin_large_3, layout_misc_corridors, minmay_holes
Lair:2:   layout_hall_layers, swamp_mist, nicolae_volcano_entry_s_turn,
          portal_ice_cave_entry_pillars_2, serial_bayou_pond_b, uniq_urug
Lair:3:   minmay_lair_venomous_thicket, layout_gridlike, gauntlet_entry_generic
Lair:4:   layout_roguey, spider_nest_entry_web_field,
          chequers_serial_rivers_large_a, serial_bayou_shore_b
Lair:5:   layout_layer_cave, grunt_megastairs_2, minmay_lair_oklob_chamber
Lair:6:   minmay_lair_end_enchanted_forest, layout_long_grid, slime_dummy,
          uniq_josephine
Spider:1: layout_spider_delve, uniq_roxanne
Orc:1:    layout_caves, basic_altar
Orc:2:    st_orc_congregation, layout_diamond_mine, serial_shops, shop

Skill      XL: |  1  2  3  4  5  6  7  8  9 10 11 12 13 14 15 |
---------------+----------------------------------------------+-----
Polearms       | 3 4 5 6 7 9 10 12 13 14 15 | 15.4
Fighting       | 3 4 5 6 7 8 9 10 11 | 11.8
Dodging        | 5 6 7 8 9 11 12 13 14 15 17 | 17.1
Armour         | 1 2 4 5 6 7 8 |  8.5

Action                   |  1- 3 |  4- 6 |  7- 9 | 10-12 | 13-15 || total
-------------------------+-------+-------+-------+-------+-------++-------
Melee: Spear             |   127 |    60 |   464 |       |       ||   651
       Trident           |       |       |    57 |   774 |  1598 ||  2429
       Demon trident     |       |       |       |    25 |   375 ||   400
Invok: Berserk           |    13 |     6 |    35 |    38 |    90 ||   182
       Trog's Hand       |       |       |     1 |     2 |     7 ||    10
       Brothers in Arms  |       |       |       |       |     1 ||     1
Evoke: Wand              |       |       |     3 |     6 |    13 ||    22
  Use: Scroll            |       |     1 |    15 |     8 |     7 ||    31
       Potion            |       |       |       |       |     1 ||     1
 Stab: Sleeping          |     4 |       |     2 |       |     1 ||     7
       Distracted        |       |       |       |       |     1 ||     1
Armor: Animal skin       |    11 |     2 |     9 |       |       ||    22
       Fire dragon scale |       |       |    48 |   150 |   162 ||   360
       Acid dragon scale |       |       |       |       |    41 ||    41
Dodge: Dodged            |    77 |    18 |   286 |   624 |  1036 ||  2041
